 Dungeon Crawl Stone Soup version 0.30-a0-587-gfd7c166f36 (webtiles) character file.

Game seed: 8470637748856603214

42 Bnni the Vexing (level 3, -4/26 HPs)
             Began as a Formicid Hexslinger on Jan 4, 2023.
             Slain by a gnoll
             ... wielding a +0 flail
              (12 damage)
             ... on level 1 of the Dungeon.
             The game lasted 00:01:13 (927 turns).

Bnni the Vexing (Formicid Hexslinger)                Turns: 927, Time: 00:01:14

Health: -4/26      AC:  2    Str: 14    XL:     3   Next: 77%
Magic:  0/5        EV: 12    Int: 14    God:
Gold:   40         SH:  0    Dex: 14    Spells: 0/4 levels left

rFire   . . .      SeeInvis +    g - +1 dagger (venom)
rCold   . . .      Faith    .    (no shield)
rNeg    . . .      Spirit   +    c - +0 robe
rPois   .          Reflect  .    (helmet unavailable)
rElec   .          Harm     .    (no cloak)
rCorr   .          Rampage  .    (no gloves)
Will    .....                    (no boots)
Stlth   +                        j - amulet of guardian spirit
HPRegen 0.24/turn                (no ring)
MPRegen 0.09/turn                (no ring)

@: no status effects
A: permanent stasis, dig shafts and tunnels, antennae 3, four strong arms
a: Dig, Shaft Self


You were on level 1 of the Dungeon.
You visited 1 branch of the dungeon, and saw 2 of its levels.

You collected 40 gold pieces.

Inventory:

Hand Weapons
 a - a +1 sling
 g - a +1 dagger of venom (weapon)
Armour
 c - a +0 robe (worn)
Jewellery
 j - an amulet of guardian spirit (around neck)
Scrolls
 b - a scroll of poison
 e - a scroll of teleportation {unknown}
 h - 2 scrolls of identify {unknown}
 i - a scroll of silence {unknown}
Potions
 d - a potion of cancellation {unknown}
 f - a potion of resistance {unknown}
 k - a potion of might {unknown}


   Skills:
 + Level 1.4 Fighting
 * Level 2.5 Ranged Weapons
 - Level 1.7 Dodging
 + Level 1.3 Spellcasting
 * Level 4.2 Hexes
 * Level 1.3 Fire Magic


You couldn't memorise any spells.
You knew the following spells:

 Your Spells              Type           Power      Damage    Failure   Level
a - Slow                  Hex            48%        N/A       4%          1
b - Inner Flame           Hex/Fire       8%         N/A       24%         3

Your spell library contained the following spells:

 Spells                   Type           Power      Damage    Failure   Level
 Portal Projectile        Hex/Tloc       12%        N/A       32%         3
 Cause Fear               Hex            6%         N/A       41%         4


Dungeon Overview and Level Annotations

Branches:
Dungeon (2/15)

Altars:


Innate Abilities, Weirdness & Mutations

You cannot be hasted, slowed, berserked, paralysed or teleported.
You can dig through walls and to a lower floor.
You have a pair of large antennae on your head. (SInv)
Your four strong arms can wield two-handed weapons with a shield.


Message History

The gnoll hits you with a +0 whip!
Casting: Slow (safe; 4% risk of failure)
Confirm with . or Enter, or press ? or * to list all spells.
You don't have enough magic to cast this spell.
Unknown command.
Casting: Slow (safe; 4% risk of failure)
Confirm with . or Enter, or press ? or * to list all spells.
You don't have enough magic to cast this spell.
There are monsters nearby!
Unknown command.
Unknown command.
You are too injured to fight recklessly!
You kill the gnoll!
There is a stone staircase leading up here.
You climb upwards.
There is a stone staircase leading down here.
You start resting.
Magic restored.
You start resting.
HP restored.
You climb downwards.
The gnoll hits you with a +0 flail!
There is a stone staircase leading up here.
You hit the gnoll but do no damage.
The gnoll is poisoned.
The gnoll hits you with a +0 flail!
The gnoll hits you from afar with a +0 spear!
The gnoll hits you with a +0 flail.
* * * LOW HITPOINT WARNING * * *
You climb upwards.
There is a stone staircase leading down here.
You are too injured to fight recklessly!
You barely miss the gnoll.
The gnoll is moderately wounded.
The gnoll misses you.
Casting: Slow (safe; 4% risk of failure)
Confirm with . or Enter, or press ? or * to list all spells.
Aiming: Slow (safe; 4% risk of failure)
Press: ? - help, Shift-Dir - straight line, f - gnoll
Aim: a gnoll, wielding a +0 flail (moderately wounded, very poisoned, chance to affect: 54%)
The gnoll seems to slow down.
The gnoll hits you with a +0 flail!
You die...

###### #.....
################### ##.####
#.().......g@...).#####...###
#.###############............
#.# #..........####...##. #.#
#.#######.######รท##.. #.#
#.# #.# #........ #.# #.# #.#
#.##.###. #.# #.#
#.###.##.###. #.# #.#
#............ #.# #.#
#####.##.....


You could see a gnoll (very poisoned, slow).

Vanquished Creatures
  A gnoll (D:2)
  2 ball pythons (D:1)
  3 endoplasms (D:1)
  2 giant cockroaches
  6 goblins (D:1)
  A hobgoblin (D:1)
  A kobold (D:1)
  2 quokkas
  7 bats (D:1)
  A frilled lizard (D:1)
  4 rats (D:1)
30 creatures vanquished.

Notes
Turn   | Place    | Note
-------+----------+-------------------------------------------
     0 | D:1      | Bnni the Formicid Hexslinger began the quest for the Orb.
     0 | D:1      | Reached XP level 1. HP: 15/15 MP: 2/2
   111 | D:1      | Reached XP level 2. HP: 20/21 MP: 3/3
   246 | D:1      | Reached skill level 4 in Hexes
   287 | D:1      | Reached skill level 1 in Fire Magic
   413 | D:1      | Reached XP level 3. HP: 26/26 MP: 4/4
   417 | D:1      | Learned a level 3 spell: Inner Flame
   927 | D:1      | Slain by a gnoll

Illustrated notes

Levels and vault maps discovered:
D:1:      shiori_arrival_elements, layout_loops_ring
D:2:      layout_basic, basic_altar, uniq_sigmund

Skill      XL: |  1  2 |
---------------+-------+-----
Hexes          | 4 |  4.2
Fire Magic     | 1 |  1.3
Fighting       | |  1.4
Ranged Weapons | |  2.5
Dodging        | |  1.7
Spellcasting   | |  1.3

Action                   || total
-------------------------++-------
Melee: Dagger            ||    37
 Fire: Sling             ||    51
 Cast: Slow              ||     2
Armor: Robe              ||    14
Dodge: Dodged            ||    51

Table legend: (Time is in decaauts)
 A = Elapsed time spent in this place.
 B = Non-inter-level travel time spent in this place.
 C = Inter-level travel time spent in this place.
 D = Time resting spent in this place.
 E = Time spent auto-exploring this place.
 F = Levels seen in this place.
 G = Mean time per level.
                   A        B        C        D        E       F      G
               +--------+--------+--------+--------+--------+-----+--------+
         Total |    942 |    898 |     44 |     91 |    572 |   2 |  471.0 |
       Dungeon |    942 |    898 |     44 |     91 |    572 |   2 |  471.0 |
               +--------+--------+--------+--------+--------+-----+--------+

Top non-repeatable levels by time:
     D:1: 886 daAuts
     D:2: 56 daAuts
